 Dungeon Crawl Stone Soup version 0.28.0 (webtiles) character file.

Game seed: 6544526835900153742

23 AmazingTV the Sneak (level 2, -1/14 HPs)
             Began as a Spriggan Brigand on June 28, 2022.
             Slain by a worm (10 damage)
             ... on level 2 of the Dungeon.
             The game lasted 00:02:31 (1262 turns).

AmazingTV the Sneak (Spriggan Brigand)              Turns: 1262, Time: 00:02:31

Health: -1/14      AC:  3    Str:  7    XL:     2   Next: 72%
Magic:  3/3        EV: 16    Int: 12    God:
Gold:   53         SH:  0    Dex: 16    Spells: 1/1 levels left

rFire   . . .      SeeInvis +   a - +2 dagger
rCold   . . .      Faith    .   (no shield)
rNeg    . . .      Spirit   .   b - +0 robe
rPois   .          Reflect  .   (helmet restricted)
rElec   .          Harm     .   c - +0 cloak
rCorr   .          Rampage  .   (gloves unavailable)
Will    .....                   (boots unavailable)
Stlth   +++.......              (no amulet)
HPRegen 0.04/turn               (no ring)
MPRegen 0.08/turn               (no ring)

@: very quick
A: very small, no large weapons, unfitting armour, see invisible, speed 3
a: no special abilities


You were on level 2 of the Dungeon.
You visited 1 branch of the dungeon, and saw 2 of its levels.

You collected 53 gold pieces.

Inventory:

Hand Weapons
 a - a +2 dagger (weapon)
Missiles
 d - 3 poisoned darts (quivered)
 e - 2 curare-tipped darts
 f - 36 stones
Armour
 b - a +0 robe (worn)
 c - a +0 cloak (worn)


   Skills:
 - Level 1.5 Fighting
 - Level 2.1 Short Blades
 + Level 2.0(2.6) Slings
 - Level 2.0(2.3) Throwing
 - Level 1.3 Dodging
 + Level 6.6 Stealth


You had one spell level left.
You didn't know any spells.
Your spell library was empty.

Dungeon Overview and Level Annotations

Branches:
Dungeon (2/15)

Altars:

Shops:
D:1 [


Innate Abilities, Weirdness & Mutations

You are very small and have problems with some larger weapons.
You are too small for most types of armour.
You have supernaturally acute eyesight. (SInv)
You cover ground extremely quickly. (Speed+++)


Message History

You hit the kobold but do no damage.
The kobold is severely wounded.
You hit the kobold.
You kill the kobold!
You completely miss the worm. The worm closely misses you.
You barely miss the worm. You hit the worm.
The worm is lightly wounded.
The worm completely misses you.
You completely miss the worm.
The worm is lightly wounded.
You throw a poisoned dart. The poisoned dart hits the worm.
The worm is lightly wounded.
The worm closely misses you.
You throw a poisoned dart. The poisoned dart hits the worm.
The worm is poisoned.
You throw a poisoned dart.
The poisoned dart barely misses the worm.
You throw a poisoned dart. The poisoned dart hits the worm.
The worm is lightly wounded.
You barely miss the worm.
The worm is lightly wounded.
The worm bites you.
You hit the worm.
The worm is moderately wounded.
The worm looks more healthy.
You throw a poisoned dart. The poisoned dart hits the worm.
The worm is poisoned.
The worm is moderately wounded.
The worm barely misses you.
You barely miss the worm.
The worm is moderately wounded.
You hit the worm.
The worm is moderately wounded.
The worm closely misses you.
You hit the worm.
The worm is heavily wounded.
The worm bites you!
Ouch! That really hurt!
You die...

..## #........#
...# #..#.###.#
..## #........#
.## #.##..##.# .#
#.# #.# # . .#
#.###.##.# # ..
+# #........#
.#.##
#####.######.....
#.....@w).......
#..##.###((#####
#.. #.# #..# ...
.......(.# ##
..#.###..# ....#
#..# #. .## #...
#. . #.##. ..# #


You could see a worm (poisoned).

Vanquished Creatures
  A dart slug (D:1)
  An orc (D:2)
  2 ball pythons (D:1)
  A hobgoblin (D:1)
  2 kobolds
  4 bats (D:1)
  2 frilled lizards (D:1)
  4 goblins (D:1)
  2 rats (D:1)
19 creatures vanquished.

Notes
Turn   | Place    | Note
-------+----------+-------------------------------------------
     0 | D:1      | AmazingTV the Spriggan Brigand began the quest for the Orb.
     0 | D:1      | Reached XP level 1. HP: 10/10 MP: 2/2
   125 | D:1      | Reached skill level 6 in Stealth
   155 | D:1      | Found a faded altar of an unknown god.
   188 | D:1      | Reached skill level 1 in Slings
   334 | D:1      | Reached XP level 2. HP: 14/14 MP: 3/3
   895 | D:1      | Found Giej's Antique Armour Shop.
  1262 | D:2      | Slain by a worm

Illustrated notes

Levels and vault maps discovered:
D:1:      evilmike_arrival_rings, layout_loops_ring, serial_shops,
          nicolae_shop_advertising_works [nicolae_subvault_shop_adworks],
          hellmonk_ecumenical_altar_heavens_door
D:2:      minmay_chambers_of_ones, layout_loops_corners, palyth_stone_intersect

Skill      XL: |  1  2 |
---------------+-------+-----
Stealth        | 6 |  6.6
Slings         | 1 2 |  2.0
Fighting       | |  1.5
Short Blades   | |  2.1
Throwing       | |  2.0
Dodging        | |  1.3

Action                   || total
-------------------------++-------
Melee: Dagger            ||    59
Throw: Dart              ||     8
 Stab: Sleeping          ||     9
Armor: Robe              ||     9
Dodge: Dodged            ||    30
